 Dungeon Crawl Stone Soup version 0.29.1-13-g9f3cf754e1 (webtiles) character file.

Game seed: 11201906705245822075

49 booth the Chopper (level 3, 0/28 HPs)
             Began as a Demonspawn Gladiator on Jan 29, 2023.
             Was a Follower of Dithmenos.
             Slain by an orc
             ... wielding a +0 trident
              (4 damage)
             ... on level 4 of the Dungeon.
             The game lasted 00:12:40 (1839 turns).

booth the Chopper (Demonspawn Gladiator)            Turns: 1839, Time: 00:12:40

Health: 0/28       AC:  4    Str: 16    XL:     3   Next: 53%
Magic:  3/3        EV: 12    Int:  9    God:    Dithmenos [*.....]
Gold:   54         SH:  0    Dex: 14    Spells: 2/2 levels left

rFire   . . .      SeeInvis .   a - +0 war axe
rCold   . . .      Faith    .   (no shield)
rNeg    . . .      Spirit   .   b - +0 leather armour
rPois   .          Reflect  .   c - +0 helmet
rElec   .          Harm     .   (no cloak)
rCorr   .          Rampage  .   (no gloves)
Will    .....                   (no boots)
Stlth   +.........              (no amulet)
HPRegen 0.09/turn               (no ring)
MPRegen 0.08/turn               (no ring)

@: wreathed by umbra
A: powered by death 1
a: Renounce Religion


You were on level 4 of the Dungeon.
You worshipped Dithmenos.
Dithmenos was aware of your devotion.
You visited 1 branch of the dungeon, and saw 4 of its levels.

You collected 76 gold pieces.
You spent 22 gold pieces at shops.

Inventory:

Hand Weapons
 a - a +0 war axe (weapon)
 g - a +0 mace
Missiles
 d - 3 throwing nets (quivered)
 e - a javelin
Armour
 b - a +0 leather armour (worn)
 c - a +0 helmet (worn)
 n - a +0 ring mail
Scrolls
 i - a scroll of fear {unknown}
 k - a scroll of enchant armour {unknown}
 o - a scroll of acquirement {unknown}
 p - a scroll of poison {unknown}
 q - a scroll of amnesia {unknown}
Potions
 f - 2 potions of flight
 h - 2 potions of haste
 j - a potion of cancellation {unknown}
 l - a potion of curing {unknown}
 m - a potion of invisibility {unknown}


   Skills:
 + Level 2.4 Fighting
 + Level 3.4 Axes
 + Level 1.8 Throwing
 + Level 0.7 Armour
 + Level 3.0 Dodging


You had 2 spell levels left.
You didn't know any spells.
Your spell library was empty.

Dungeon Overview and Level Annotations

Branches:
Dungeon (5/15)
 Temple: D:4-7

Altars:
Dithmenos

Shops:
D:2 *


Innate Abilities, Weirdness & Mutations

You regenerate a little health from kills.


Message History

A magic dart appears from out of thin air!
The magic dart hits you. The orc hits you but does no damage.
The orc misses you.
You miss something. You closely miss the orc. You hit the orc.
You completely miss the orc.
An orc comes into view. It is wielding a +0 club.
Something hits you. The orc barely misses you. The orc closely misses you.
The orc priest casts a cantrip, but nothing happens.
The orc barely misses you.
You miss something. You barely miss the orc.
The orc shouts!
You hit the orc but do no damage. You barely miss the orc.
You hear a shout!
Something hits you. The orc hits you but does no damage.
The orc barely misses you. The orc hits you with a +0 dagger.
A hobgoblin comes into view.
You hit the orc but do no damage.
The orc is moderately wounded.
You closely miss the orc. You slash the orc!
You kill the orc!
Dithmenos accepts your kill.
You miss something. The orc completely misses you.
The orc priest calls upon Beogh to heal the orc.
The orc's wounds heal themselves!
The orc closely misses you. The orc misses you.
You barely miss the orc. You slash something! You hit the orc.
Something hits you. The orc closely misses you.
The orc hits you with a +0 club.
You hit the orc.
The orc is moderately wounded.
You hit something. You hit the orc. The orc hits you but does no damage.
The orc closely misses you. Something hits you but does no damage.
You barely miss the orc.
The orc is moderately wounded.
You completely miss the orc. You closely miss something. Something hits you.
* * * LOW HITPOINT WARNING * * *
The orc hits you with a +0 club.
* * * LOW HITPOINT WARNING * * *
The orc barely misses you. The orc hits you with a +0 trident.
You die...

#######
#.....#
#..>..#
#)....#
#@....#
#oo...#
oo....#
..........
........#..
............
..........#..
.......###...#


You could see an orc priest and 3 orcs.

Vanquished Creatures
  2 adders (D:2)
  A dart slug (D:1)
  2 orcs
  3 endoplasms (D:2)
  A giant cockroach (D:1)
  3 goblins
  A hobgoblin (D:1)
  2 quokkas (D:2)
  4 ball pythons
  2 bats (D:1)
  A frilled lizard (D:1)
  4 kobolds
  A rat (D:1)
27 creatures vanquished.

Vanquished Creatures (others)
  3 plants (D:1)
3 creatures vanquished.

Grand Total: 30 creatures vanquished

Notes
Turn   | Place    | Note
-------+----------+-------------------------------------------
     0 | D:1      | booth the Demonspawn Gladiator began the quest for the Orb.
     0 | D:1      | Reached XP level 1. HP: 16/16 MP: 1/1
   377 | D:1      | Gained mutation: You regenerate a little health from kills.
                  | [demonic ancestry]
   377 | D:1      | Reached XP level 2. HP: 22/22 MP: 2/2
   737 | D:1      | Found a faded altar of an unknown god.
   744 | D:1      | Prayed at the altar of an unknown god.
   744 | D:1      | Became a worshipper of Dithmenos the Shadowed
   744 | D:1      | Reached * piety under Dithmenos
  1422 | D:2      | Reached XP level 3. HP: 24/28 MP: 3/3
  1473 | D:2      | Found Buewymuts's General Store.
  1477 | D:2      | Bought a scroll of identify for 22 gold pieces
  1628 | D:2      | You fall into a shaft and drop 2 floors!
  1656 | D:5      | Entered Level 5 of the Dungeon
  1656 | D:5      | Noticed a black bear
  1839 | D:4      | Slain by an orc

Illustrated notes

Levels and vault maps discovered:
D:1:      dpeg_arrival_radiant, layout_basic,
          shapermc_ecumenical_altar_hornbeckon
D:2:      layout_loops_cross, serial_shops, shop
D:4:      layout_rooms, nicolae_overflow_hidden_temple,
          gammafunk_ghost_abyssal_escape
D:5:      layout_cave_pools, mainiacjoe_overflow_brackets

Skill      XL: |  1  2 |
---------------+-------+-----
Axes           | 3 |  3.4
Dodging        | 3 |  3.0
Fighting       | |  2.4
Throwing       | |  1.8
Armour         | |  0.7

Action                   || total
-------------------------++-------
Melee: War axe           ||    91
       Punch             ||     3
  Use: Scroll            ||     2
       Potion            ||     2
Armor: Leather armour    ||    25
Dodge: Dodged            ||    93
